| TOP OF THE 1ST |
|
Birmingham Barons batting - Pitching for Northwest Arkansas Naturals : RHP Jason Meade
|
|
Pitching: RHP Jason Meade
|
|
|
Batting: LHB Dalton Silveira
|
0-0: Ball 1-0: Swinging Strike 1-1: Ground out 4-3 (Groundball, 34, EV 82.5 MPH)
|
|
Batting: SHB Veit Geisler
|
0-0: Called Strike 0-1: Ground out 4-3 (Groundball, 4S, EV 90.0 MPH)
|
|
Batting: LHB Carlos Ramirez
|
0-0: Ball 1-0: Foul Ball, location: 2F 1-1: Ball 2-1: Called Strike 2-2: Strikes out swinging
|
| Top of the 1st over - 0 runs, 0 hits, 0 errors, 0 left on base; Birmingham 0 - Northwest Arkansas 0 |
| BOTTOM OF THE 1ST |
|
Northwest Arkansas Naturals batting - Pitching for Birmingham Barons : LHP Carlos Toledo
|
|
Pitching: LHP Carlos Toledo
|
|
|
Batting: RHB Chad Sullivan
|
0-0: Ball 1-0: Ball 2-0: Called Strike 2-1: Ball 3-1: Foul Ball, location: 2F 3-2: Fly out, F9 (Line Drive, 9, EV 98.8 MPH)
|
|
Batting: RHB Kevin Allen
|
0-0: Called Strike 0-1: Foul Ball, location: 2F 0-2: Ball 1-2: Strikes out swinging
|
|
Batting: LHB Pablo Serrato
|
0-0: Ball 1-0: Swinging Strike 1-1: Ball 2-1: Ball 3-1: Called Strike 3-2: Base on Balls
|
|
Batting: LHB Edgar Ortiz
|
0-0: Called Strike 0-1: Ball 1-1: Foul Ball, location: 2F 1-2: Foul Ball, location: 2F 1-2: Ball 2-2: Ball 3-2: Base on Balls Pablo Serrato to second
|
|
Batting: RHB Nick Julien
|
0-0: Called Strike 0-1: Foul Ball, location: 2F 0-2: Ball 1-2: Foul Ball, location: 2F 1-2: Fly out, F9 (Flyball, 89S, EV 86.2 MPH)
|
| Bottom of the 1st over - 0 runs, 0 hits, 0 errors, 2 left on base; Birmingham 0 - Northwest Arkansas 0 |
| TOP OF THE 2ND |
|
Birmingham Barons batting - Pitching for Northwest Arkansas Naturals : RHP Jason Meade
|
|
Batting: RHB Vic Lucatero
|
0-0: Ball 1-0: Ball 2-0: Foul Ball, location: 2F 2-1: Ball 3-1: Base on Balls
|
|
Batting: LHB Herkko Haavikko
|
0-0: Ball 1-0: Ball 2-0: Ball 3-0: Called Strike 3-1: Base on Balls Vic Lucatero to second
|
|
Batting: SHB Matt Childers
|
0-0: Ball 1-0: SINGLE (Groundball, 6D, EV 99.4 MPH) Vic Lucatero to third Herkko Haavikko to second
|
|
Batting: RHB Trevor Conklin
|
0-0: Ball 1-0: Ball 2-0: Called Strike 2-1: Ball 3-1: Foul Ball, location: 2F 3-2: Base on Balls Vic Lucatero scores Herkko Haavikko to third Matt Childers to second
|
|
Batting: RHB Danny Heikkila
|
0-0: Ball 1-0: Called Strike 1-1: Foul Ball, location: 2F 1-2: Ball 2-2: Strikes out swinging
|
|
Batting: RHB Jerry Edmiston
|
0-0: Foul Ball, location: 2F 0-1: Foul Ball, location: 2F 0-2: Strikes out looking
|
|
Batting: LHB Dalton Silveira
|
0-0: Called Strike 0-1: Ball 1-1: Foul Ball, location: 2F 1-2: Ground out U3 (Groundball, 3L, EV 103.1 MPH)
|
| Top of the 2nd over - 1 run, 1 hit, 0 errors, 3 left on base; Birmingham 1 - Northwest Arkansas 0 |
| BOTTOM OF THE 2ND |
|
Northwest Arkansas Naturals batting - Pitching for Birmingham Barons : LHP Carlos Toledo
|
|
Batting: RHB Edwin Ramos
|
0-0: Foul Ball, location: 2F 0-1: SOLO HOME RUN (Flyball, 7D, EV 97.5 MPH), Distance : 377 ft
|
|
Batting: RHB Ian Hornsby
|
0-0: Fly out, F9 (Flyball, 9S, EV 86.9 MPH)
|
|
Batting: LHB Danny Zuniga
|
0-0: Called Strike 0-1: Ball 1-1: Foul Ball, location: 2F 1-2: DOUBLE (Line Drive, 7LM, EV 110.0 MPH)
|
|
Batting: RHB Trevor Kingston
|
0-0: Ball 1-0: Ball 2-0: Ball 3-0: Called Strike 3-1: Base on Balls
|
|
Batting: RHB Chad Sullivan
|
0-0: Hit by Pitch Danny Zuniga to third Trevor Kingston to second
|
|
Batting: RHB Kevin Allen
|
0-0: Swinging Strike 0-1: Ball 1-1: Called Strike 1-2: Strikes out looking
|
|
Batting: LHB Pablo Serrato
|
0-0: Ball 1-0: Ball Wild Pitch! Danny Zuniga scores Trevor Kingston to third Chad Sullivan to second 2-0: Ball 3-0: Called Strike 3-1: Foul Ball, location: 2F 3-2: Base on Balls
|
|
Batting: LHB Edgar Ortiz
|
0-0: Fly out, F4 (Line Drive, 4MD, EV 68.8 MPH)
|
| Bottom of the 2nd over - 2 runs, 2 hits, 0 errors, 3 left on base; Birmingham 1 - Northwest Arkansas 2 |
| TOP OF THE 3RD |
|
Birmingham Barons batting - Pitching for Northwest Arkansas Naturals : RHP Jason Meade
|
|
Batting: SHB Veit Geisler
|
0-0: Ball 1-0: Ball 2-0: Ground out 4-3 (Groundball, 4, EV 105.6 MPH)
|
|
Batting: LHB Carlos Ramirez
|
0-0: Ball 1-0: Called Strike 1-1: Foul Ball, location: 2F 1-2: SINGLE (Groundball, 4MD, EV 99.4 MPH)
|
|
Batting: RHB Vic Lucatero
|
0-0: Called Strike 0-1: Ball 1-1: Foul Ball, location: 2F 1-2: Ball 2-2: Ball 3-2: Foul Ball, location: 2F 3-2: Base on Balls Carlos Ramirez to second
|
|
Batting: LHB Herkko Haavikko
|
0-0: Called Strike 0-1: Ball 1-1: Ball 2-1: Ball 3-1: Grounds out, U3 (Groundball, 3L, EV 83.8 MPH) Carlos Ramirez to third
|
|
Batting: SHB Matt Childers
|
0-0: Ball 1-0: Ball 2-0: Foul Ball, location: 2F 2-1: Ball 3-1: Foul Ball, location: 2F 3-2: Base on Balls
|
|
Batting: RHB Trevor Conklin
|
0-0: Called Strike 0-1: Foul Ball, location: 2F 0-2: Foul Ball, location: 2F 0-2: Strikes out swinging
|
| Top of the 3rd over - 0 runs, 1 hit, 0 errors, 3 left on base; Birmingham 1 - Northwest Arkansas 2 |
| BOTTOM OF THE 3RD |
|
Northwest Arkansas Naturals batting - Pitching for Birmingham Barons : LHP Carlos Toledo
|
|
Batting: RHB Nick Julien
|
0-0: Ball 1-0: Reached on error, E6 (Groundball, 6, EV 108.1 MPH)
|
|
Batting: RHB Edwin Ramos
|
0-0: SINGLE (Groundball, 56D, EV 107.5 MPH) Nick Julien to third Runner from 3rd tries for Home, SAFE, throw by LF to home Edwin Ramos to second
|
|
Batting: RHB Ian Hornsby
|
0-0: Swinging Strike 0-1: Ball 1-1: Foul Ball, location: 2F 1-2: Ball 2-2: Strikes out looking
|
|
Batting: LHB Danny Zuniga
|
0-0: Ball 1-0: Swinging Strike 1-1: Swinging Strike 1-2: Foul Ball, location: 2F 1-2: Ball 2-2: Ground out 6-3 (Groundball, 4M, EV 85.0 MPH) Edwin Ramos to third
|
|
Batting: RHB Trevor Kingston
|
0-0: Called Strike 0-1: Swinging Strike 0-2: Foul Ball, location: 2F 0-2: Strikes out swinging
|
| Bottom of the 3rd over - 1 run, 1 hit, 1 error, 1 left on base; Birmingham 1 - Northwest Arkansas 3 |
| TOP OF THE 4TH |
|
Birmingham Barons batting - Pitching for Northwest Arkansas Naturals : RHP Jason Meade
|
|
Batting: RHB Danny Heikkila
|
0-0: Called Strike 0-1: Foul Ball, location: 2F 0-2: Ball 1-2: Foul Ball, location: 2F 1-2: Ball 2-2: Ball 3-2: Base on Balls
|
|
Batting: RHB Jerry Edmiston
|
0-0: Ball 1-0: Ball 2-0: Ball 3-0: Base on Balls Danny Heikkila to second
|
|
Batting: LHB Dalton Silveira
|
0-0: Called Strike 0-1: Foul Ball, location: 2F 0-2: Foul Ball, location: 2F 0-2: Ball 1-2: Ball 2-2: Foul Ball, location: 2F 2-2: Ball 3-2: Base on Balls Danny Heikkila to third Jerry Edmiston to second
|
|
Batting: SHB Veit Geisler
|
0-0: Called Strike 0-1: Ball 1-1: Foul Ball, location: 2F 1-2: Ball 2-2: Strikes out looking
|
|
Batting: LHB Carlos Ramirez
|
0-0: Ball 1-0: Ball 2-0: Ball 3-0: Called Strike 3-1: Grounds into double play, 3-6-3 (Groundball, 3, EV 77.5 MPH)
|
| Top of the 4th over - 0 runs, 0 hits, 0 errors, 2 left on base; Birmingham 1 - Northwest Arkansas 3 |
| BOTTOM OF THE 4TH |
|
Northwest Arkansas Naturals batting - Pitching for Birmingham Barons : LHP Carlos Toledo
|
|
Batting: RHB Chad Sullivan
|
0-0: Ball 1-0: Ball 2-0: Called Strike 2-1: SINGLE (Line Drive, 56D, EV 97.5 MPH)
|
|
Batting: RHB Kevin Allen
|
0-0: Called Strike 0-1: Ball 1-1: Swinging Strike 1-2: Fielders Choice at 2nd, 5-4 (Groundball, 56, EV 95.0 MPH)
|
|
Batting: LHB Pablo Serrato
|
0-0: Called Strike 0-1: Ball 1-1: Ball 2-1: Foul Ball, location: 2F 2-2: Grounds into double play, 4-6-3 (Groundball, 4S, EV 86.9 MPH)
|
| Bottom of the 4th over - 0 runs, 1 hit, 0 errors, 0 left on base; Birmingham 1 - Northwest Arkansas 3 |
| TOP OF THE 5TH |
|
Birmingham Barons batting - Pitching for Northwest Arkansas Naturals : RHP Jason Meade
|
|
Pitching: RHP Justin Potts
|
|
|
Batting: RHB Vic Lucatero
|
0-0: Ball 1-0: Ground out 6-3 (Groundball, 6, EV 103.8 MPH)
|
|
Batting: LHB Herkko Haavikko
|
0-0: Ball 1-0: Foul Ball, location: 2F 1-1: Ball 2-1: Ball 3-1: Called Strike 3-2: Foul Ball, location: 2F 3-2: Base on Balls
|
|
Batting: SHB Matt Childers
|
0-0: Ball 1-0: Ball 2-0: Foul Ball, location: 2F 2-1: Foul Ball, location: 2F 2-2: Ball 3-2: Base on Balls Herkko Haavikko to second
|
|
Batting: RHB Trevor Conklin
|
0-0: Ball 1-0: Foul Ball, location: 2F 1-1: Grounds into double play, 5-4-3 (Groundball, 5, EV 88.1 MPH)
|
| Top of the 5th over - 0 runs, 0 hits, 0 errors, 1 left on base; Birmingham 1 - Northwest Arkansas 3 |
| BOTTOM OF THE 5TH |
|
Northwest Arkansas Naturals batting - Pitching for Birmingham Barons : LHP Carlos Toledo
|
|
Batting: LHB Edgar Ortiz
|
0-0: Ball 1-0: Swinging Strike 1-1: Ball 2-1: Foul Ball, location: 2F 2-2: Foul Ball, location: 2F 2-2: Foul Ball, location: 2F 2-2: DOUBLE (Line Drive, 89M, EV 111.2 MPH)
|
|
Batting: RHB Nick Julien
|
0-0: Ball 1-0: Foul Ball, location: 2F 1-1: Called Strike 1-2: Fly out, F8 (Flyball, 8RD, EV 96.2 MPH)
|
|
Batting: RHB Edwin Ramos
|
0-0: Called Strike 0-1: Ball 1-1: Ball 2-1: Foul Ball, location: 2F 2-2: Strikes out swinging
|
|
Batting: RHB Ian Hornsby
|
0-0: Ball 1-0: Ball 2-0: Ball 3-0: Called Strike 3-1: Foul Ball, location: 2F 3-2: Foul Ball, location: 2F 3-2: Strikes out looking
|
| Bottom of the 5th over - 0 runs, 1 hit, 0 errors, 1 left on base; Birmingham 1 - Northwest Arkansas 3 |
| TOP OF THE 6TH |
|
Birmingham Barons batting - Pitching for Northwest Arkansas Naturals : RHP Justin Potts
|
|
Batting: RHB Danny Heikkila
|
0-0: Ball 1-0: Called Strike 1-1: Foul Ball, location: 2F 1-2: Ball 2-2: Strikes out swinging
|
|
Batting: RHB Jerry Edmiston
|
0-0: Ball 1-0: Called Strike 1-1: Fly out, F8 (Flyball, 8RM, EV 83.1 MPH)
|
|
Batting: LHB Dalton Silveira
|
0-0: Ball 1-0: Called Strike 1-1: Ball 2-1: Foul Ball, location: 2F 2-2: Ball 3-2: Ground out 3-1 (Groundball, 34, EV 84.4 MPH)
|
| Top of the 6th over - 0 runs, 0 hits, 0 errors, 0 left on base; Birmingham 1 - Northwest Arkansas 3 |
| BOTTOM OF THE 6TH |
|
Northwest Arkansas Naturals batting - Pitching for Birmingham Barons : LHP Carlos Toledo
|
|
Pitching: LHP James Reynolds
|
|
|
Batting: LHB Danny Zuniga
|
0-0: Ball 1-0: Foul Ball, location: 2F 1-1: Foul Ball, location: 2F 1-2: Foul Ball, location: 2F 1-2: Ground out 5-3 (Groundball, 56, EV 96.2 MPH)
|
|
Batting: RHB Trevor Kingston
|
0-0: Called Strike 0-1: Ball 1-1: Called Strike 1-2: Ball 2-2: Ball 3-2: Base on Balls
|
|
Batting: RHB Chad Sullivan
|
0-0: Grounds into double play, 6-4-3 (Groundball, 6S, EV 78.1 MPH)
|
| Bottom of the 6th over - 0 runs, 0 hits, 0 errors, 0 left on base; Birmingham 1 - Northwest Arkansas 3 |
| TOP OF THE 7TH |
|
Birmingham Barons batting - Pitching for Northwest Arkansas Naturals : RHP Justin Potts
|
|
Pitching: RHP Ryan Crump
|
|
|
Batting: SHB Veit Geisler
|
0-0: Ball 1-0: Called Strike 1-1: Ball 2-1: Ball 3-1: Fly out, F4 (Popup, 34D, EV 56.2 MPH)
|
|
Batting: LHB Carlos Ramirez
|
0-0: Ball 1-0: SINGLE (Line Drive, 8RS, EV 104.4 MPH)
|
|
Batting: RHB Vic Lucatero
|
|
|
Pinch Hitting: LHB Joe Kirkland
|
0-0: Foul Ball, location: 2F 0-1: Fielders Choice at 2nd, 4-6 (Groundball, 34D, EV 91.9 MPH)
|
|
Batting: LHB Herkko Haavikko
|
0-0: Ball 1-0: Ball 2-0: Ball 3-0: Fielders Choice at 2nd, 6-4 (Groundball, 6, EV 108.1 MPH)
|
| Top of the 7th over - 0 runs, 1 hit, 0 errors, 1 left on base; Birmingham 1 - Northwest Arkansas 3 |
| BOTTOM OF THE 7TH |
|
Northwest Arkansas Naturals batting - Pitching for Birmingham Barons : LHP James Reynolds
|
|
Now in RF: Joe Kirkland
|
|
|
Batting: RHB Kevin Allen
|
0-0: Ball 1-0: Fly out, F9 (Flyball, 9D, EV 80.0 MPH)
|
|
Batting: LHB Pablo Serrato
|
0-0: Ball 1-0: Fly out, F7 (Line Drive, 7S, EV 85.6 MPH)
|
|
Batting: LHB Edgar Ortiz
|
0-0: Ball 1-0: Foul Ball, location: 2F 1-1: Fly out, F8 (Line Drive, 89D, EV 91.9 MPH)
|
| Bottom of the 7th over - 0 runs, 0 hits, 0 errors, 0 left on base; Birmingham 1 - Northwest Arkansas 3 |
| TOP OF THE 8TH |
|
Birmingham Barons batting - Pitching for Northwest Arkansas Naturals : RHP Ryan Crump
|
|
Pitching: RHP Malachi Shelton
|
|
|
Batting: SHB Matt Childers
|
0-0: SOLO HOME RUN (Flyball, 8RXD, EV 115.0 MPH), Distance : 440 ft
|
|
Pinch Hitting: LHB Jason Bell
|
0-0: Ground out U3 (Groundball, 34, EV 101.9 MPH)
|
|
Pinch Hitting: LHB Larry Myers
|
0-0: Called Strike 0-1: Ball 1-1: Ball 2-1: Ball 3-1: Base on Balls
|
|
Pinch Hitting: LHB Matt Hyde
|
0-0: DOUBLE (Flyball, 89XD, EV 105.0 MPH) Larry Myers to third
|
|
Batting: LHB Dalton Silveira
|
0-0: Ball 1-0: Fly out, F7 (Flyball, 7LM, EV 89.4 MPH)
|
|
Batting: SHB Veit Geisler
|
0-0: Called Strike 0-1: Ball 1-1: Called Strike 1-2: Strikes out swinging
|
| Top of the 8th over - 1 run, 2 hits, 0 errors, 2 left on base; Birmingham 2 - Northwest Arkansas 3 |
| BOTTOM OF THE 8TH |
|
Northwest Arkansas Naturals batting - Pitching for Birmingham Barons : LHP James Reynolds
|
|
Pitching: RHP Jose Vigil
|
|
|
Now at C: Jason Bell
|
|
|
Now at 2B: Jason Bresnahan
|
|
|
Now at SS: Veit Geisler
|
|
|
Now in CF: Matt Hyde
|
|
|
Batting: RHB Nick Julien
|
0-0: Ground out 6-3 (Groundball, 4MS, EV 89.4 MPH)
|
|
Batting: RHB Edwin Ramos
|
0-0: Foul Ball, location: 2F 0-1: Ball 1-1: Foul Ball, location: 2F 1-2: Foul Ball, location: 2F 1-2: Strikes out swinging
|
|
Batting: RHB Ian Hornsby
|
0-0: Called Strike 0-1: Ball 1-1: Foul Ball, location: 2F 1-2: Ball 2-2: Ground out 4-3 (Groundball, 4M, EV 106.2 MPH)
|
| Bottom of the 8th over - 0 runs, 0 hits, 0 errors, 0 left on base; Birmingham 2 - Northwest Arkansas 3 |
| TOP OF THE 9TH |
|
Birmingham Barons batting - Pitching for Northwest Arkansas Naturals : RHP Malachi Shelton
|
|
Batting: LHB Carlos Ramirez
|
0-0: Ball 1-0: Ball 2-0: Ball 3-0: Base on Balls
|
|
Batting: LHB Joe Kirkland
|
0-0: Ball 1-0: Fielders Choice at 2nd, 6-4 (Groundball, 6MD, EV 110.6 MPH)
|
|
Batting: LHB Herkko Haavikko
|
0-0: Ball 1-0: Ball 2-0: Foul Ball, location: 2F 2-1: Swinging Strike 2-2: Strikes out swinging
|
|
Batting: SHB Matt Childers
|
0-0: Ball 1-0: Ball 2-0: Foul Ball, location: 2F 2-1: Fly out, F8 (Flyball, 89D, EV 83.8 MPH)
|
| Top of the 9th over - 0 runs, 0 hits, 0 errors, 1 left on base; Birmingham 2 - Northwest Arkansas 3 |
|